WASHINGTON Capitals vs ARIZONA Coyotes

Created - 25 février 2024 at 14:45

Goals
1 2 3 T
WASHINGTON Capitals 1 1 0 2
ARIZONA Coyotes 3 1 2 6
Shots
1 2 3 T
WASHINGTON Capitals 6 11 7 24
ARIZONA Coyotes 8 7 10 25

1st period

1. WASHINGTON Capitals , Kevin Shattenkirk 5 (Brock Boeser 6, William Karlsson 18) at 6:41 (PP)
2. ARIZONA Coyotes , Sam Reinhart 15 (Artemi Panarin 16) at 6:56
3. ARIZONA Coyotes , Ryan Nugent-Hopkins 13 (Roman Josi 24, Rickard Rakell 14) at 7:02
4. ARIZONA Coyotes , Ryan Nugent-Hopkins 14 (Roman Josi 25, Mark Scheifele 15) at 13:10 (PP)

Penalties :
Artemi Panarin (ARI) for Delaying the game (Minor) at 0:09, Ryan Hartman (ARI) for Slashing (Minor) at 6:23, Auston Matthews (ARI) for Hooking (Minor) at 8:49, John Carlson (WSH) for Interference (Minor) at 12:56, Artemi Panarin (ARI) for Holding (Minor) at 13:37, Scott Mayfield (ARI) for Interference (Minor) at 16:09

2nd period

5. WASHINGTON Capitals , Casey Mittelstadt 5 (Matt Duchene 8, Ian Cole 6) at 1:19
6. ARIZONA Coyotes , Sam Reinhart 16 (Auston Matthews 15, Artemi Panarin 17) at 16:29

Penalties :
Ryan Hartman (ARI) for Interference (Minor) at 3:37, Mikey Anderson (ARI) for Slashing (Minor) at 10:24

3rd period

7. ARIZONA Coyotes , Alec Martinez 2 (Brandon Sutter 2, Nick Bonino 3) at 4:33
8. ARIZONA Coyotes , Artemi Panarin 4 (Roman Josi 26, Ryan Nugent-Hopkins 16) at 7:29 (PP)

Penalties :
Ivan Barbashev (WSH) for High sticking (Minor) at 2:24, Carson Soucy (WSH) for Holding (Minor) at 6:26, Scott Mayfield (ARI) for High sticking (Minor) at 9:53, Casey Mittelstadt (WSH) for High sticking (Minor) at 17:18

Goalie Stats

Scott Wedgewood (WSH), 16 saves from 21 shots - (0,762), L, 9-12-1, 44:33 minutes
Chris Driedger (WSH), 3 saves from 4 shots - (0,750), 15:27 minutes
Andrei Vasilevskiy (ARI), 22 saves from 24 shots - (0,917), W, 18-5-1, 60:00 minutes

Players Stats for WASHINGTON Capitals

Player Name              G  A  P  +/- PIM S  H  SB GA TA FO     MP     PP MP  PK MP  
------------------------------------------------------------------------------------
Barrett Hayton           0  0  0   0  0   2  0  0  0  0  2/4     6:33   0:00   1:01 
Brock Boeser             0  1  1  -1  0   1  2  0  0  0  1/2    21:38   7:42   0:00 
Carson Soucy             0  0  0   0  2   0  3  0  0  0  0/0    14:08   0:31   1:52 
Casey Mittelstadt        1  0  1  -1  2   1  1  0  0  0  0/0    14:10   0:00   0:33 
Christian Dvorak         0  0  0   0  0   2  0  0  0  0  9/14   14:08   1:06   1:54 
Ian Cole                 0  1  1  -1  0   0  0  1  0  0  0/0    16:07   0:00   2:57 
Ivan Barbashev           0  0  0  -2  2   2  2  0  0  0  0/0    18:06   5:49   2:02 
Jason Dickinson          0  0  0   0  0   1  0  0  0  0  1/2    11:54   0:00   0:46 
John Carlson             0  0  0  -2  2   0  1  0  0  0  0/0    25:45   7:53   2:15 
Kevin Shattenkirk        1  0  1  -2  0   2  1  2  0  0  0/0    23:01   7:23   0:00 
Mario Ferraro            0  0  0   0  0   2  0  1  0  0  0/0    20:00   6:18   2:30 
Matt Duchene             0  1  1  -1  0   5  4  0  0  0  14/20  19:26   5:48   0:00 
Matt Grzelcyk            0  0  0   0  0   0  0  0  0  0  0/0     0:48   0:00   0:14 
Pavel Buchnevich         0  0  0  -2  0   4  3  0  0  0  2/4    24:38   8:22   0:46 
Ross Colton              0  0  0   0  0   0  0  0  0  0  0/0     5:32   0:00   0:00 
Ryan Strome              0  0  0   0  0   0  1  0  0  0  0/0    16:32   5:24   0:00 
Torey Krug               0  0  0  -1  0   0  2  0  0  0  0/0    20:09   6:17   0:42 
William Karlsson         0  1  1  -2  0   2  1  0  0  0  17/35  22:06   8:22   3:28 

Players Stats for ARIZONA Coyotes

Player Name              G  A  P  +/- PIM S  H  SB GA TA FO     MP     PP MP  PK MP  
------------------------------------------------------------------------------------
Alec Martinez            1  0  1   1  0   1  2  1  0  0  0/0    21:09   0:00   7:41 
Artemi Panarin           1  2  3   1  4   4  1  0  0  0  0/0    19:39   2:50   0:00 
Auston Matthews          0  1  1   1  2   1  3  0  0  0  11/32  21:25   3:29   1:06 
Brandon Sutter           0  1  1   1  0   0  0  0  0  0  9/21   14:08   0:00   8:34 
Frederick Gaudreau       0  0  0   0  0   4  1  0  0  0  6/11   11:28   0:00   4:53 
Jonas Siegenthaler       0  0  0   1  0   0  3  0  0  0  0/0    20:16   0:00   6:48 
Mark Scheifele           0  1  1   1  0   1  4  0  0  0  5/12   13:46   2:12   0:00 
Michael Bunting          0  0  0   0  0   0  0  0  0  0  0/0     9:00   2:25   0:00 
Mikey Anderson           0  0  0   0  2   0  3  0  0  0  0/0    14:36   0:38   5:29 
Nick Bonino              0  1  1   1  0   1  0  0  0  0  0/0     8:25   0:00   2:51 
Pierre-Edouard Bellemare 0  0  0   1  0   0  2  0  0  0  0/0     6:44   0:32   0:38 
Rickard Rakell           0  1  1   1  0   2  1  0  0  0  1/1    16:17   2:43   2:00 
Roman Josi               0  3  3   2  0   3  0  1  0  0  0/0    21:26   2:50   0:00 
Ryan Hartman             0  0  0   0  4   2  1  0  0  0  0/0     8:58   2:25   0:00 
Ryan Nugent-Hopkins      2  1  3   1  0   2  0  0  0  0  2/2    22:06   2:12   8:20 
Sam Reinhart             2  0  2   1  0   4  0  0  0  0  1/2    18:25   1:34   0:00 
Scott Mayfield           0  0  0   0  4   0  3  0  0  0  0/0    13:40   2:25   0:12 
Vladislav Gavrikov       0  0  0   2  0   0  1  1  0  0  0/0    24:13   0:00   8:12 

3 Stars

1 - Ryan Nugent-Hopkins (ARI)
2 - Sam Reinhart (ARI)
3 - Roman Josi (ARI)

Power Play

WASHINGTON Capitals - 1 on 8 Attempt(s) - 12,50%
ARIZONA Coyotes - 2 on 4 Attempt(s) - 50,00%

Penalty Kill

WASHINGTON Capitals - 2 on 4 Attempt(s) - 50,00% - Score 0 goal in Penalty Kill
ARIZONA Coyotes - 7 on 8 Attempt(s) - 87,50% - Score 0 goal in Penalty Kill

Team Stat

WASHINGTON Capitals - Hits : 21 - Faceoff Wins : 46 - Blocked Shots : 4 - Penalty Minutes : 8
ARIZONA Coyotes - Hits : 25 - Faceoff Wins : 35 - Blocked Shots : 3 - Penalty Minutes : 16

Official

Referees : Jon McIsaac and Daria Ermak
Linesman : Tyson Baker and Derek Nansen

Game Notes

Chris Driedger enters game at 4:33 of 3rd period

Finance

Level 1 -- Attendance: 5768 (82,40%) -- Ticket Income $542,192
Level 2 -- Attendance: 5110 (85,17%) -- Ticket Income $275,940
Level 3 -- Attendance: 2495 (62,38%) -- Ticket Income $59,880
Level 4 -- Attendance: 4460 (74,33%) -- Ticket Income $62,440
Luxury Box -- Attendance: 1000 (100,00%) -- Ticket Income $154,000
Game was played at the Gila River Arena.
Total Attendance: 18833 (78,47%)
Total Ticket Income: $1,094,452
Other Income: $273,613
Total Income: $1,368,065

WASHINGTON Capitals

5 vs 5 Forward 
   Center                   Left Wing                Right Wing               Time % Phy DF OF 
 1 William Karlsson         Ivan Barbashev           Pavel Buchnevich         40     1   2  2  
 2 Matt Duchene             Casey Mittelstadt        Brock Boeser             30     1   2  2  
 3 Christian Dvorak         Jason Dickinson          Ryan Strome              20     1   2  2  
 4 Barrett Hayton           Ross Colton              Pavel Buchnevich         10     3   2  0  

5 vs 5 Defense 
   Defense                  Defense                                           Time % Phy DF OF 
 1 John Carlson             Kevin Shattenkirk                                 40     0   4  1  
 2 Ian Cole                 Torey Krug                                        30     0   4  1  
 3 Mario Ferraro            Carson Soucy                                      20     1   3  1  
 4 Torey Krug               John Carlson                                      10     0   4  1  

PowerPlay Forward 
   Center                   Left Wing                Right Wing               Time % Phy DF OF 
 1 William Karlsson         Pavel Buchnevich         Brock Boeser             60     1   0  4  
 2 Matt Duchene             Ivan Barbashev           Ryan Strome              40     1   0  4  

PowerPlay Defense
   Defense                  Defense                                           Time % Phy DF OF 
 1 John Carlson             Kevin Shattenkirk                                 70     0   1  4  
 2 Mario Ferraro            Torey Krug                                        30     0   1  4  

Penalty Kill 4 Players Forward 
   Center                   Wing                     Time % Phy DF OF 
 1 William Karlsson         Ivan Barbashev           60     1   4  0  
 2 Jason Dickinson          Pavel Buchnevich         40     1   4  0  

Penalty Kill 4 Players Defense
   Defense                  Defense                  Time % Phy DF OF 
 1 Ian Cole                 Mario Ferraro            60     1   4  0  
 2 John Carlson             Carson Soucy             40     1   4  0  

Penalty Kill - 3 Players Forward 
   Forward                                           Time % Phy DF OF 
 1 William Karlsson                                  60     0   5  0  
 2 Jason Dickinson                                   40     0   5  0  

Penalty Kill - 3 Players Defense
   Defense                  Defense                  Time % Phy DF OF 
 1 Ian Cole                 Mario Ferraro            60     0   5  0  
 2 John Carlson             Carson Soucy             40     0   5  0  

4 vs 4 Forward 
   Center                   Wing                     Time % Phy DF OF 
 1 William Karlsson         Pavel Buchnevich         60     1   2  2  
 2 Matt Duchene             Brock Boeser             40     1   2  2  

4 vs 4 Defense
   Defense                  Defense                  Time % Phy DF OF 
 1 John Carlson             Kevin Shattenkirk        60     1   2  2  
 2 Mario Ferraro            Torey Krug               40     1   2  2  

Last Minutes Offensive
   Center                   Left Wing                Right Wing               Defense                  Defense                  
   Matt Duchene             Pavel Buchnevich         Brock Boeser             John Carlson             Kevin Shattenkirk        

Last Minutes Defensive
   Center                   Left Wing                Right Wing               Defense                  Defense                  
   William Karlsson         Jason Dickinson          Pavel Buchnevich         John Carlson             Mario Ferraro            

Goaltenders
Starting : Scott Wedgewood          
Backup : Chris Driedger           

Extra Forwards
Normal : Pavel Buchnevich, Matt Duchene, William Karlsson - PP : William Karlsson, Brock Boeser - PK : Christian Dvorak
Extra Defensemen
Normal : Carson Soucy, Kevin Shattenkirk, Mario Ferraro - PP : John Carlson - PK : Ian Cole, Torey Krug
Penalty Shots
Matt Duchene, Pavel Buchnevich, Ivan Barbashev, William Karlsson, Ross Colton

Scratches
Sam Steel (Healthy)

ARIZONA Coyotes

5 vs 5 Forward 
   Center                   Left Wing                Right Wing               Time % Phy DF OF 
 1 Auston Matthews          Artemi Panarin           Sam Reinhart             52     1   1  3  
 2 Mark Scheifele           Ryan Nugent-Hopkins      Rickard Rakell           40     1   1  3  
 3 Frederick Gaudreau       Michael Bunting          Ryan Hartman             8      1   2  2  
 4 Brandon Sutter           Nick Bonino              Pierre-Edouard Bellemare 0      2   3  0  

5 vs 5 Defense 
   Defense                  Defense                                           Time % Phy DF OF 
 1 Roman Josi               Vladislav Gavrikov                                50     1   2  2  
 2 Alec Martinez            Jonas Siegenthaler                                30     1   2  2  
 3 Mikey Anderson           Scott Mayfield                                    20     1   3  1  
 4 Roman Josi               Scott Mayfield                                    0      1   2  2  

PowerPlay Forward 
   Center                   Left Wing                Right Wing               Time % Phy DF OF 
 1 Auston Matthews          Mark Scheifele           Artemi Panarin           80     0   1  4  
 2 Sam Reinhart             Rickard Rakell           Ryan Hartman             20     1   1  3  

PowerPlay Defense
   Defense                  Defense                                           Time % Phy DF OF 
 1 Roman Josi               Ryan Nugent-Hopkins                               80     0   2  3  
 2 Scott Mayfield           Michael Bunting                                   20     1   2  2  

Penalty Kill 4 Players Forward 
   Center                   Wing                     Time % Phy DF OF 
 1 Brandon Sutter           Ryan Nugent-Hopkins      70     0   4  1  
 2 Frederick Gaudreau       Nick Bonino              30     1   4  0  

Penalty Kill 4 Players Defense
   Defense                  Defense                  Time % Phy DF OF 
 1 Vladislav Gavrikov       Alec Martinez            69     1   3  1  
 2 Mikey Anderson           Jonas Siegenthaler       31     2   3  0  

Penalty Kill - 3 Players Forward 
   Forward                                           Time % Phy DF OF 
 1 Brandon Sutter                                    60     1   4  0  
 2 Frederick Gaudreau                                40     1   3  1  

Penalty Kill - 3 Players Defense
   Defense                  Defense                  Time % Phy DF OF 
 1 Scott Mayfield           Alec Martinez            60     2   3  0  
 2 Scott Mayfield           Jonas Siegenthaler       40     2   3  0  

4 vs 4 Forward 
   Center                   Wing                     Time % Phy DF OF 
 1 Auston Matthews          Artemi Panarin           60     1   2  2  
 2 Mark Scheifele           Ryan Nugent-Hopkins      40     1   2  2  

4 vs 4 Defense
   Defense                  Defense                  Time % Phy DF OF 
 1 Roman Josi               Scott Mayfield           60     1   2  2  
 2 Alec Martinez            Jonas Siegenthaler       40     1   2  2  

Last Minutes Offensive
   Center                   Left Wing                Right Wing               Defense                  Defense                  
   Auston Matthews          Artemi Panarin           Sam Reinhart             Roman Josi               Ryan Nugent-Hopkins      

Last Minutes Defensive
   Center                   Left Wing                Right Wing               Defense                  Defense                  
   Brandon Sutter           Frederick Gaudreau       Pierre-Edouard Bellemare Vladislav Gavrikov       Alec Martinez            

Goaltenders
Starting : Andrei Vasilevskiy       
Backup : Kevin Lankinen           

Extra Forwards
Normal : Michael Bunting, Artemi Panarin, Frederick Gaudreau - PP : Michael Bunting, Artemi Panarin - PK : Frederick Gaudreau
Extra Defensemen
Normal : Mikey Anderson, Vladislav Gavrikov, Alec Martinez - PP : Mikey Anderson - PK : Vladislav Gavrikov, Alec Martinez
Penalty Shots
Auston Matthews, Ryan Nugent-Hopkins, Mark Scheifele, Sam Reinhart, Rickard Rakell

Scratches
Morgan Frost (Healthy)

% Time on Ice - WASHINGTON Capitals

Lines # - Real PCT - Wanted PCT - Time Play
Normal Forward
1 - 25% - 40% - 10:16
2 - 34% - 30% - 13:38
3 - 27% - 20% - 11:08
4 - 14% - 10% - 5:32
Normal Defense
1 - 40% - 40% - 16:12
2 - 32% - 30% - 13:10
3 - 28% - 20% - 11:12
4 - 0% - 10% - 0:00
PP Forward
1 - 59% - 60% - 8:22
2 - 41% - 40% - 5:49
PP Defense
1 - 56% - 70% - 7:53
2 - 44% - 30% - 6:18
PK Forward
1 - 85% - 60% - 4:29
2 - 15% - 40% - 0:46
PK Defense
1 - 53% - 60% - 2:46
2 - 47% - 40% - 2:29
PK3 Forward
1 - 0% - 60%
2 - 0% - 40%
PK3 Defense
1 - 0% - 60%
2 - 0% - 40%
44 Forward
1 - 0% - 60%
2 - 0% - 40%
44 Defense
1 - 0% - 60%
2 - 0% - 40%
Last Minute Offensive  - 0:00
Last Minute Defensive  - 0:00
Total
Forward - 60:00
Defense - 60:00

% Time on Ice - ARIZONA Coyotes

Lines # - Real PCT - Wanted PCT - Time Play
Normal Forward
1 - 42% - 52% - 16:51
2 - 29% - 40% - 11:34
3 - 16% - 8% - 6:35
4 - 14% - 0% - 5:34
Normal Defense
1 - 39% - 50% - 16:01
2 - 33% - 30% - 13:28
3 - 21% - 20% - 8:30
4 - 6% - 0% - 2:35
PP Forward
1 - 54% - 80% - 2:50
2 - 46% - 20% - 2:25
PP Defense
1 - 54% - 80% - 2:50
2 - 46% - 20% - 2:25
PK Forward
1 - 80% - 70% - 11:20
2 - 20% - 30% - 2:51
PK Defense
1 - 52% - 69% - 7:23
2 - 48% - 31% - 6:48
PK3 Forward
1 - 0% - 60%
2 - 0% - 40%
PK3 Defense
1 - 0% - 60%
2 - 0% - 40%
44 Forward
1 - 0% - 60%
2 - 0% - 40%
44 Defense
1 - 0% - 60%
2 - 0% - 40%
Last Minute Offensive  - 0:00
Last Minute Defensive  - 0:00
Total
Forward - 60:00
Defense - 60:00

Play-by-Play

1st period


0:01 of 1st period - Auston Matthews wins face-off versus William Karlsson in neutral zone.
0:09 of 1st period - Minor Penalty to Artemi Panarin for Delaying the game.
0:10 of 1st period - William Karlsson wins face-off versus Brandon Sutter in ARIZONA Coyotes zone.
0:11 of 1st period - Shot by Pavel Buchnevich.
0:11 of 1st period - Stopped by Andrei Vasilevskiy without a rebound.
0:12 of 1st period - Brandon Sutter wins face-off versus William Karlsson in ARIZONA Coyotes zone.
0:12 of 1st period - Brandon Sutter is hit by Pavel Buchnevich.
0:24 of 1st period - Shot by Pavel Buchnevich.
0:24 of 1st period - Shot Misses the Net.
1:29 of 1st period - Shot by Ivan Barbashev.
1:29 of 1st period - Shot Misses the Net.
1:43 of 1st period - Mario Ferraro is hit by Frederick Gaudreau and loses puck.
2:18 of 1st period - Shot by Sam Reinhart.
2:18 of 1st period - Shot Misses the Net.
2:38 of 1st period - Shot by Pavel Buchnevich.
2:38 of 1st period - Shot Misses the Net.
2:48 of 1st period - Shot by Artemi Panarin.
2:48 of 1st period - Stopped by Scott Wedgewood without a rebound.
2:49 of 1st period - Matt Duchene wins face-off versus Mark Scheifele in WASHINGTON Capitals zone.
3:12 of 1st period - Ryan Nugent-Hopkins is hit by Torey Krug and loses puck.
3:20 of 1st period - Ryan Nugent-Hopkins is hit by Torey Krug and loses puck.
3:46 of 1st period - Shot by Frederick Gaudreau.
3:46 of 1st period - Stopped by Scott Wedgewood without a rebound.
3:47 of 1st period - Auston Matthews wins face-off versus Christian Dvorak in WASHINGTON Capitals zone.
4:02 of 1st period - Shot by Jason Dickinson.
4:02 of 1st period - Deflect By Ryan Strome.
4:02 of 1st period - Shot Misses the Net.
4:51 of 1st period - Ivan Barbashev is hit by Mark Scheifele and loses puck.
5:40 of 1st period - Shot by Matt Duchene.
5:40 of 1st period - Stopped by Andrei Vasilevskiy without a rebound.
5:41 of 1st period - Frederick Gaudreau wins face-off versus Christian Dvorak in ARIZONA Coyotes zone.
6:23 of 1st period - Minor Penalty to Ryan Hartman for Slashing.
6:24 of 1st period - Brandon Sutter wins face-off versus William Karlsson in ARIZONA Coyotes zone.
6:41 of 1st period - Shot by Kevin Shattenkirk.
6:41 of 1st period - Goal by Kevin Shattenkirk - WASHINGTON Capitals : 1 - ARIZONA Coyotes : 0.
6:42 of 1st period - Matt Duchene wins face-off versus Auston Matthews in neutral zone.
6:44 of 1st period - Off-side.
6:45 of 1st period - William Karlsson wins face-off versus Auston Matthews in neutral zone.
6:56 of 1st period - Shot by Sam Reinhart.
6:56 of 1st period - Goal by Sam Reinhart - WASHINGTON Capitals : 1 - ARIZONA Coyotes : 1.
6:57 of 1st period - Rickard Rakell wins face-off versus Matt Duchene in neutral zone.
7:02 of 1st period - Shot by Ryan Nugent-Hopkins.
7:02 of 1st period - Goal by Ryan Nugent-Hopkins - WASHINGTON Capitals : 1 - ARIZONA Coyotes : 2.
7:03 of 1st period - Sam Reinhart wins face-off versus William Karlsson in neutral zone.
7:36 of 1st period - Shot by Pavel Buchnevich.
7:36 of 1st period - Stopped by Andrei Vasilevskiy without a rebound.
7:37 of 1st period - Matt Duchene wins face-off versus Mark Scheifele in ARIZONA Coyotes zone.
8:49 of 1st period - Minor Penalty to Auston Matthews for Hooking.
8:50 of 1st period - Ryan Nugent-Hopkins wins face-off versus William Karlsson in ARIZONA Coyotes zone.
10:38 of 1st period - Pavel Buchnevich is hit by Rickard Rakell and loses puck.
11:01 of 1st period - Shot by Barrett Hayton.
11:01 of 1st period - Stopped by Andrei Vasilevskiy with a rebound.
11:03 of 1st period - Shot by Mario Ferraro.
11:03 of 1st period - Shot Misses the Net.
11:05 of 1st period - Shot by Ross Colton.
11:05 of 1st period - Deflect By Brock Boeser.
11:05 of 1st period - Stopped by Andrei Vasilevskiy without a rebound.
11:06 of 1st period - Christian Dvorak wins face-off versus Frederick Gaudreau in ARIZONA Coyotes zone.
11:55 of 1st period - Icing by Ryan Strome.
11:56 of 1st period - Christian Dvorak wins face-off versus Auston Matthews in WASHINGTON Capitals zone.
11:56 of 1st period - Christian Dvorak is hit by Artemi Panarin.
12:04 of 1st period - Ryan Strome is hit by Auston Matthews and loses puck.
12:24 of 1st period - Shot by Sam Reinhart.
12:24 of 1st period - Shot Blocked by Ian Cole.
12:26 of 1st period - Shot by Sam Reinhart.
12:26 of 1st period - Deflect By Auston Matthews.
12:26 of 1st period - Shot Misses the Net.
12:28 of 1st period - Shot by Sam Reinhart.
12:28 of 1st period - Shot Misses the Net.
12:30 of 1st period - Shot by Roman Josi.
12:30 of 1st period - Stopped by Scott Wedgewood with a rebound.
12:32 of 1st period - Shot by Roman Josi.
12:32 of 1st period - Stopped by Scott Wedgewood without a rebound.
12:33 of 1st period - Ryan Nugent-Hopkins wins face-off versus William Karlsson in WASHINGTON Capitals zone.
12:46 of 1st period - John Carlson is hit by Mark Scheifele and loses puck.
12:56 of 1st period - Minor Penalty to John Carlson for Interference.
12:57 of 1st period - William Karlsson wins face-off versus Auston Matthews in WASHINGTON Capitals zone.
13:06 of 1st period - Shot by Mark Scheifele.
13:06 of 1st period - Shot Misses the Net.
13:08 of 1st period - Shot by Roman Josi.
13:08 of 1st period - Shot Misses the Net.
13:10 of 1st period - Shot by Ryan Nugent-Hopkins.
13:10 of 1st period - Goal by Ryan Nugent-Hopkins - WASHINGTON Capitals : 1 - ARIZONA Coyotes : 3.
13:11 of 1st period - Brock Boeser wins face-off versus Brandon Sutter in neutral zone.
13:22 of 1st period - Shot by Nick Bonino.
13:22 of 1st period - Stopped by Scott Wedgewood without a rebound.
13:23 of 1st period - Auston Matthews wins face-off versus Pavel Buchnevich in WASHINGTON Capitals zone.
13:37 of 1st period - Minor Penalty to Artemi Panarin for Holding.
13:38 of 1st period - William Karlsson wins face-off versus Brandon Sutter in ARIZONA Coyotes zone.
15:25 of 1st period - Vladislav Gavrikov is hit by Brock Boeser and loses puck.
16:09 of 1st period - Minor Penalty to Scott Mayfield for Interference.
16:10 of 1st period - Matt Duchene wins face-off versus Brandon Sutter in ARIZONA Coyotes zone.
17:12 of 1st period - Shot by Mario Ferraro.
17:12 of 1st period - Shot Blocked by Alec Martinez.
17:52 of 1st period - Shot by John Carlson.
17:52 of 1st period - Shot Misses the Net.
18:59 of 1st period - Casey Mittelstadt is hit by Scott Mayfield.
19:19 of 1st period - Kevin Shattenkirk is hit by Alec Martinez and loses puck.
Goals for this period are 1 for WASHINGTON Capitals vs 3 for ARIZONA Coyotes.
Shots for this period are 6 for WASHINGTON Capitals vs 8 for ARIZONA Coyotes.

2nd period


0:01 of 2nd period - William Karlsson wins face-off versus Mark Scheifele in neutral zone.
0:21 of 2nd period - Shot by William Karlsson.
0:21 of 2nd period - Shot Hit the Post.
1:19 of 2nd period - Shot by Casey Mittelstadt.
1:19 of 2nd period - Goal by Casey Mittelstadt - WASHINGTON Capitals : 2 - ARIZONA Coyotes : 3.
1:20 of 2nd period - Christian Dvorak wins face-off versus Brandon Sutter in neutral zone.
2:12 of 2nd period - Carson Soucy is hit by Alec Martinez and loses puck.
2:16 of 2nd period - Icing by Jonas Siegenthaler.
2:17 of 2nd period - Auston Matthews wins face-off versus William Karlsson in ARIZONA Coyotes zone.
2:17 of 2nd period - Alec Martinez is hit by Pavel Buchnevich and loses puck.
2:31 of 2nd period - Off-side.
2:32 of 2nd period - Matt Duchene wins face-off versus Mark Scheifele in neutral zone.
3:03 of 2nd period - Shot by Mark Scheifele.
3:03 of 2nd period - Stopped by Scott Wedgewood without a rebound.
3:04 of 2nd period - William Karlsson wins face-off versus Auston Matthews in WASHINGTON Capitals zone.
3:08 of 2nd period - John Carlson is hit by Jonas Siegenthaler and loses puck.
3:23 of 2nd period - Shot by Artemi Panarin.
3:23 of 2nd period - Stopped by Scott Wedgewood without a rebound.
3:24 of 2nd period - Frederick Gaudreau wins face-off versus Christian Dvorak in WASHINGTON Capitals zone.
3:37 of 2nd period - Minor Penalty to Ryan Hartman for Interference.
3:38 of 2nd period - William Karlsson wins face-off versus Brandon Sutter in ARIZONA Coyotes zone.
3:53 of 2nd period - Shot by William Karlsson.
3:53 of 2nd period - Stopped by Andrei Vasilevskiy without a rebound.
3:54 of 2nd period - Brandon Sutter wins face-off versus Matt Duchene in ARIZONA Coyotes zone.
4:25 of 2nd period - Shot by John Carlson.
4:25 of 2nd period - Shot Misses the Net.
4:34 of 2nd period - Ivan Barbashev is hit by Mikey Anderson and loses puck.
4:46 of 2nd period - Icing by Mario Ferraro.
4:47 of 2nd period - William Karlsson wins face-off versus Frederick Gaudreau in WASHINGTON Capitals zone.
5:22 of 2nd period - Shot by Mario Ferraro.
5:22 of 2nd period - Shot Misses the Net.
5:24 of 2nd period - Shot by Mario Ferraro.
5:24 of 2nd period - Shot Misses the Net.
6:27 of 2nd period - Sam Reinhart is hit by Matt Duchene.
6:28 of 2nd period - Icing by Sam Reinhart.
6:29 of 2nd period - Pavel Buchnevich wins face-off versus Auston Matthews in ARIZONA Coyotes zone.
6:36 of 2nd period - Pavel Buchnevich is hit by Vladislav Gavrikov and loses puck.
6:43 of 2nd period - Shot by Pavel Buchnevich.
6:43 of 2nd period - Shot Misses the Net.
7:08 of 2nd period - Icing by Carson Soucy.
7:09 of 2nd period - Mark Scheifele wins face-off versus Barrett Hayton in WASHINGTON Capitals zone.
7:14 of 2nd period - Shot by Rickard Rakell.
7:14 of 2nd period - Shot Misses the Net.
7:42 of 2nd period - Shot by Rickard Rakell.
7:42 of 2nd period - Shot Misses the Net.
7:44 of 2nd period - Shot by Rickard Rakell.
7:44 of 2nd period - Stopped by Scott Wedgewood without a rebound.
7:45 of 2nd period - Frederick Gaudreau wins face-off versus Matt Duchene in WASHINGTON Capitals zone.
7:50 of 2nd period - Shot by Ryan Hartman.
7:50 of 2nd period - Deflect By Michael Bunting.
7:50 of 2nd period - Shot Misses the Net.
8:06 of 2nd period - John Carlson is hit by Scott Mayfield.
8:11 of 2nd period - Matt Duchene is hit by Mikey Anderson and loses puck.
8:59 of 2nd period - Ian Cole is hit by Jonas Siegenthaler and loses puck.
9:08 of 2nd period - Shot by Christian Dvorak.
9:08 of 2nd period - Shot Misses the Net.
9:10 of 2nd period - Shot by Ian Cole.
9:10 of 2nd period - Shot Misses the Net.
9:25 of 2nd period - Jason Dickinson is hit by Pierre-Edouard Bellemare and loses puck.
9:31 of 2nd period - Off-side.
9:32 of 2nd period - William Karlsson wins face-off versus Auston Matthews in neutral zone.
9:39 of 2nd period - Shot by Pavel Buchnevich.
9:39 of 2nd period - Shot Misses the Net.
9:55 of 2nd period - Shot by William Karlsson.
9:55 of 2nd period - Shot Misses the Net.
9:57 of 2nd period - Shot by Ivan Barbashev.
9:57 of 2nd period - Shot Misses the Net.
9:59 of 2nd period - Shot by Pavel Buchnevich.
9:59 of 2nd period - Stopped by Andrei Vasilevskiy without a rebound.
10:00 of 2nd period - Mark Scheifele wins face-off versus Matt Duchene in ARIZONA Coyotes zone.
10:00 of 2nd period - Mark Scheifele is hit by Matt Duchene.
10:24 of 2nd period - Minor Penalty to Mikey Anderson for Slashing.
10:25 of 2nd period - Brandon Sutter wins face-off versus William Karlsson in ARIZONA Coyotes zone.
10:25 of 2nd period - Brandon Sutter is hit by Brock Boeser.
11:03 of 2nd period - Shot by Mario Ferraro.
11:03 of 2nd period - Stopped by Andrei Vasilevskiy without a rebound.
11:04 of 2nd period - Matt Duchene wins face-off versus Brandon Sutter in ARIZONA Coyotes zone.
11:15 of 2nd period - Shot by Ivan Barbashev.
11:15 of 2nd period - Stopped by Andrei Vasilevskiy without a rebound.
11:16 of 2nd period - Brandon Sutter wins face-off versus Matt Duchene in ARIZONA Coyotes zone.
11:16 of 2nd period - Brandon Sutter is hit by Ivan Barbashev.
11:39 of 2nd period - Shot by Ivan Barbashev.
11:39 of 2nd period - Stopped by Andrei Vasilevskiy without a rebound.
11:40 of 2nd period - Brandon Sutter wins face-off versus William Karlsson in ARIZONA Coyotes zone.
11:40 of 2nd period - Brandon Sutter is hit by William Karlsson.
11:56 of 2nd period - Shot by Torey Krug.
11:56 of 2nd period - Shot Misses the Net.
12:44 of 2nd period - Shot by Christian Dvorak.
12:44 of 2nd period - Stopped by Andrei Vasilevskiy without a rebound.
12:45 of 2nd period - Barrett Hayton wins face-off versus Frederick Gaudreau in ARIZONA Coyotes zone.
13:18 of 2nd period - Shot by Ryan Hartman.
13:18 of 2nd period - Stopped by Scott Wedgewood with a rebound.
13:41 of 2nd period - Icing by Torey Krug.
13:42 of 2nd period - Christian Dvorak wins face-off versus Auston Matthews in WASHINGTON Capitals zone.
13:48 of 2nd period - Off-side.
13:49 of 2nd period - Matt Duchene wins face-off versus Auston Matthews in neutral zone.
13:52 of 2nd period - Jonas Siegenthaler is hit by Casey Mittelstadt and loses puck.
14:06 of 2nd period - Jonas Siegenthaler is hit by Carson Soucy.
14:15 of 2nd period - Sam Reinhart is hit by Carson Soucy and loses puck.
14:22 of 2nd period - Shot by Auston Matthews.
14:22 of 2nd period - Shot Blocked by Mario Ferraro.
14:24 of 2nd period - Shot by Artemi Panarin.
14:24 of 2nd period - Shot Misses the Net.
14:31 of 2nd period - Auston Matthews is hit by Carson Soucy and loses puck.
15:12 of 2nd period - Shot by Christian Dvorak.
15:12 of 2nd period - Stopped by Andrei Vasilevskiy without a rebound.
15:13 of 2nd period - Frederick Gaudreau wins face-off versus William Karlsson in ARIZONA Coyotes zone.
15:40 of 2nd period - Shot by Ryan Hartman.
15:40 of 2nd period - Shot Misses the Net.
15:42 of 2nd period - Shot by Frederick Gaudreau.
15:42 of 2nd period - Stopped by Scott Wedgewood with a rebound.
16:00 of 2nd period - Frederick Gaudreau is hit by Pavel Buchnevich and loses puck.
16:15 of 2nd period - Icing by Torey Krug.
16:16 of 2nd period - William Karlsson wins face-off versus Auston Matthews in WASHINGTON Capitals zone.
16:27 of 2nd period - Shot by Auston Matthews.
16:27 of 2nd period - Shot Misses the Net.
16:29 of 2nd period - Shot by Auston Matthews.
16:29 of 2nd period - Deflect By Sam Reinhart.
16:29 of 2nd period - Goal by Sam Reinhart - WASHINGTON Capitals : 2 - ARIZONA Coyotes : 4.
16:30 of 2nd period - Matt Duchene wins face-off versus Mark Scheifele in neutral zone.
16:45 of 2nd period - Shot by Matt Duchene.
16:45 of 2nd period - Stopped by Andrei Vasilevskiy without a rebound.
16:46 of 2nd period - Auston Matthews wins face-off versus Jason Dickinson in ARIZONA Coyotes zone.
17:14 of 2nd period - Shot by Artemi Panarin.
17:14 of 2nd period - Stopped by Scott Wedgewood without a rebound.
17:15 of 2nd period - Mark Scheifele wins face-off versus Matt Duchene in WASHINGTON Capitals zone.
17:32 of 2nd period - Shot by Matt Duchene.
17:32 of 2nd period - Stopped by Andrei Vasilevskiy without a rebound.
17:33 of 2nd period - William Karlsson wins face-off versus Auston Matthews in ARIZONA Coyotes zone.
17:50 of 2nd period - Ivan Barbashev is hit by Auston Matthews and loses puck.
18:41 of 2nd period - John Carlson is hit by Mark Scheifele and loses puck.
18:56 of 2nd period - Ryan Nugent-Hopkins is hit by Matt Duchene and loses puck.
19:09 of 2nd period - Shot by Kevin Shattenkirk.
19:09 of 2nd period - Stopped by Andrei Vasilevskiy without a rebound.
19:10 of 2nd period - Brandon Sutter wins face-off versus Christian Dvorak in ARIZONA Coyotes zone.
19:10 of 2nd period - Brandon Sutter is hit by Ryan Strome.
Goals for this period are 1 for WASHINGTON Capitals vs 1 for ARIZONA Coyotes.
Shots for this period are 11 for WASHINGTON Capitals vs 7 for ARIZONA Coyotes.

3rd period


0:01 of 3rd period - Auston Matthews wins face-off versus Pavel Buchnevich in neutral zone.
0:06 of 3rd period - Shot by Sam Reinhart.
0:06 of 3rd period - Stopped by Scott Wedgewood without a rebound.
0:07 of 3rd period - Pavel Buchnevich wins face-off versus Auston Matthews in WASHINGTON Capitals zone.
0:18 of 3rd period - Shot by Ivan Barbashev.
0:18 of 3rd period - Shot Blocked by Vladislav Gavrikov.
0:22 of 3rd period - Shot by Pavel Buchnevich.
0:22 of 3rd period - Stopped by Andrei Vasilevskiy without a rebound.
0:23 of 3rd period - Matt Duchene wins face-off versus Mark Scheifele in ARIZONA Coyotes zone.
0:24 of 3rd period - Shot by Brock Boeser.
0:24 of 3rd period - Shot Misses the Net.
0:26 of 3rd period - Shot by Torey Krug.
0:26 of 3rd period - Shot Misses the Net.
0:32 of 3rd period - Shot by Matt Duchene.
0:32 of 3rd period - Stopped by Andrei Vasilevskiy without a rebound.
0:33 of 3rd period - Auston Matthews wins face-off versus William Karlsson in ARIZONA Coyotes zone.
0:35 of 3rd period - Icing by Vladislav Gavrikov.
0:36 of 3rd period - Auston Matthews wins face-off versus William Karlsson in ARIZONA Coyotes zone.
1:02 of 3rd period - Icing by Kevin Shattenkirk.
1:03 of 3rd period - Mark Scheifele wins face-off versus William Karlsson in WASHINGTON Capitals zone.
1:10 of 3rd period - Shot by Rickard Rakell.
1:10 of 3rd period - Stopped by Scott Wedgewood without a rebound.
1:11 of 3rd period - Matt Duchene wins face-off versus Mark Scheifele in WASHINGTON Capitals zone.
2:04 of 3rd period - Shot by Sam Reinhart.
2:04 of 3rd period - Stopped by Scott Wedgewood without a rebound.
2:05 of 3rd period - Auston Matthews wins face-off versus William Karlsson in WASHINGTON Capitals zone.
2:09 of 3rd period - Icing by William Karlsson.
2:10 of 3rd period - William Karlsson wins face-off versus Auston Matthews in WASHINGTON Capitals zone.
2:17 of 3rd period - Shot by William Karlsson.
2:17 of 3rd period - Stopped by Andrei Vasilevskiy with a rebound.
2:24 of 3rd period - Minor Penalty to Ivan Barbashev for High sticking.
2:25 of 3rd period - Auston Matthews wins face-off versus Christian Dvorak in WASHINGTON Capitals zone.
2:28 of 3rd period - Shot by Roman Josi.
2:28 of 3rd period - Stopped by Scott Wedgewood without a rebound.
2:29 of 3rd period - William Karlsson wins face-off versus Auston Matthews in WASHINGTON Capitals zone.
2:42 of 3rd period - Shot by Auston Matthews.
2:42 of 3rd period - Shot Misses the Net.
2:44 of 3rd period - Shot by Auston Matthews.
2:44 of 3rd period - Stopped by Scott Wedgewood without a rebound.
2:45 of 3rd period - Auston Matthews wins face-off versus William Karlsson in WASHINGTON Capitals zone.
4:13 of 3rd period - Icing by Ryan Hartman.
4:14 of 3rd period - William Karlsson wins face-off versus Sam Reinhart in ARIZONA Coyotes zone.
4:31 of 3rd period - Shot by Nick Bonino.
4:31 of 3rd period - Deflect By Brandon Sutter.
4:31 of 3rd period - Shot Misses the Net.
4:33 of 3rd period - Shot by Alec Martinez.
4:33 of 3rd period - The goal is going for a video replay.
4:33 of 3rd period - The goal is good.
4:33 of 3rd period - Goal by Alec Martinez - WASHINGTON Capitals : 2 - ARIZONA Coyotes : 5.
4:33 of 3rd period - Chris Driedger enters game.
4:34 of 3rd period - Brandon Sutter wins face-off versus Barrett Hayton in neutral zone.
4:45 of 3rd period - Shot by Ross Colton.
4:45 of 3rd period - Shot Misses the Net.
4:47 of 3rd period - Shot by Barrett Hayton.
4:47 of 3rd period - Shot Misses the Net.
5:05 of 3rd period - Shot by Barrett Hayton.
5:05 of 3rd period - Stopped by Andrei Vasilevskiy without a rebound.
5:06 of 3rd period - Matt Duchene wins face-off versus Auston Matthews in ARIZONA Coyotes zone.
5:47 of 3rd period - Shot by Auston Matthews.
5:47 of 3rd period - Shot Blocked by Kevin Shattenkirk.
6:26 of 3rd period - Minor Penalty to Carson Soucy for Holding.
6:27 of 3rd period - William Karlsson wins face-off versus Auston Matthews in WASHINGTON Capitals zone.
6:27 of 3rd period - Ivan Barbashev is hit by Ryan Hartman and loses puck.
7:29 of 3rd period - Shot by Artemi Panarin.
7:29 of 3rd period - Goal by Artemi Panarin - WASHINGTON Capitals : 2 - ARIZONA Coyotes : 6.
7:30 of 3rd period - Matt Duchene wins face-off versus Brandon Sutter in neutral zone.
7:34 of 3rd period - Brock Boeser is hit by Pierre-Edouard Bellemare and loses puck.
7:49 of 3rd period - Shot by Casey Mittelstadt.
7:49 of 3rd period - Shot Misses the Net.
7:54 of 3rd period - Icing by Jonas Siegenthaler.
7:55 of 3rd period - Christian Dvorak wins face-off versus Brandon Sutter in ARIZONA Coyotes zone.
8:12 of 3rd period - Shot by Jason Dickinson.
8:12 of 3rd period - Stopped by Andrei Vasilevskiy without a rebound.
8:13 of 3rd period - Mark Scheifele wins face-off versus William Karlsson in ARIZONA Coyotes zone.
9:12 of 3rd period - Shot by Frederick Gaudreau.
9:12 of 3rd period - Stopped by Chris Driedger without a rebound.
9:13 of 3rd period - Matt Duchene wins face-off versus Auston Matthews in WASHINGTON Capitals zone.
9:13 of 3rd period - Ian Cole is hit by Auston Matthews and loses puck.
9:29 of 3rd period - Matt Duchene is hit by Jonas Siegenthaler.
9:43 of 3rd period - Shot by Matt Duchene.
9:43 of 3rd period - Stopped by Andrei Vasilevskiy without a rebound.
9:44 of 3rd period - Christian Dvorak wins face-off versus Frederick Gaudreau in ARIZONA Coyotes zone.
9:44 of 3rd period - Christian Dvorak is hit by Scott Mayfield.
9:46 of 3rd period - Shot by Jason Dickinson.
9:46 of 3rd period - Shot Misses the Net.
9:51 of 3rd period - Icing by Mikey Anderson.
9:52 of 3rd period - Christian Dvorak wins face-off versus Frederick Gaudreau in ARIZONA Coyotes zone.
9:52 of 3rd period - Christian Dvorak is hit by Mikey Anderson.
9:53 of 3rd period - Minor Penalty to Scott Mayfield for High sticking.
9:54 of 3rd period - Brandon Sutter wins face-off versus William Karlsson in ARIZONA Coyotes zone.
10:31 of 3rd period - Shot by Brock Boeser.
10:31 of 3rd period - Shot Misses the Net.
10:52 of 3rd period - Icing by John Carlson.
10:53 of 3rd period - Frederick Gaudreau wins face-off versus William Karlsson in WASHINGTON Capitals zone.
10:54 of 3rd period - Shot by Ryan Nugent-Hopkins.
10:54 of 3rd period - Shot Misses the Net.
11:04 of 3rd period - Shot by Frederick Gaudreau.
11:04 of 3rd period - Stopped by Chris Driedger with a rebound.
11:06 of 3rd period - Shot by Vladislav Gavrikov.
11:06 of 3rd period - Shot Blocked by Kevin Shattenkirk.
11:36 of 3rd period - Shot by Mario Ferraro.
11:36 of 3rd period - Stopped by Andrei Vasilevskiy without a rebound.
11:37 of 3rd period - Matt Duchene wins face-off versus Brandon Sutter in ARIZONA Coyotes zone.
11:56 of 3rd period - Icing by Ian Cole.
11:57 of 3rd period - Christian Dvorak wins face-off versus Auston Matthews in WASHINGTON Capitals zone.
13:16 of 3rd period - Ryan Nugent-Hopkins is hit by Matt Duchene and loses puck.
14:15 of 3rd period - Alec Martinez is hit by Ivan Barbashev and loses puck.
14:27 of 3rd period - Off-side.
14:28 of 3rd period - Christian Dvorak wins face-off versus Brandon Sutter in neutral zone.
14:46 of 3rd period - Shot by Nick Bonino.
14:46 of 3rd period - Shot Misses the Net.
14:54 of 3rd period - Shot by Ryan Strome.
14:54 of 3rd period - Deflect By Christian Dvorak.
14:54 of 3rd period - Shot Misses the Net.
15:03 of 3rd period - Icing by Pierre-Edouard Bellemare.
15:04 of 3rd period - William Karlsson wins face-off versus Brandon Sutter in ARIZONA Coyotes zone.
15:26 of 3rd period - Off-side.
15:27 of 3rd period - Barrett Hayton wins face-off versus Auston Matthews in neutral zone.
15:45 of 3rd period - Shot by Ross Colton.
15:45 of 3rd period - Shot Blocked by Roman Josi.
17:00 of 3rd period - Shot by Rickard Rakell.
17:00 of 3rd period - Shot Misses the Net.
17:18 of 3rd period - Minor Penalty to Casey Mittelstadt for High sticking.
17:19 of 3rd period - William Karlsson wins face-off versus Auston Matthews in WASHINGTON Capitals zone.
17:32 of 3rd period - Mario Ferraro is hit by Mark Scheifele and loses puck.
17:45 of 3rd period - Shot by Roman Josi.
17:45 of 3rd period - Shot Misses the Net.
17:47 of 3rd period - Shot by Auston Matthews.
17:47 of 3rd period - Shot Misses the Net.
18:19 of 3rd period - Shot by Ryan Hartman.
18:19 of 3rd period - Stopped by Chris Driedger without a rebound.
18:20 of 3rd period - Jason Dickinson wins face-off versus Auston Matthews in WASHINGTON Capitals zone.
19:11 of 3rd period - Shot by Ryan Hartman.
19:11 of 3rd period - Shot Misses the Net.
19:17 of 3rd period - Shot by Sam Reinhart.
19:17 of 3rd period - Shot Misses the Net.
19:37 of 3rd period - Brandon Sutter is hit by John Carlson and loses puck.
19:43 of 3rd period - Icing by Kevin Shattenkirk.
19:44 of 3rd period - Frederick Gaudreau wins face-off versus Brock Boeser in WASHINGTON Capitals zone.
19:44 of 3rd period - Frederick Gaudreau is hit by Kevin Shattenkirk.
Goals for this period are 0 for WASHINGTON Capitals vs 2 for ARIZONA Coyotes.
Shots for this period are 7 for WASHINGTON Capitals vs 10 for ARIZONA Coyotes. Output by the SimonT Hockey Simulator (STHS) for Martin Benoit - Original Page W3C HTML5 Valid
Hockey Simulator - Hockey Simulation - Hockey Manager